 Dungeon Crawl Stone Soup version 0.29.1-15-g9cfb28693d (webtiles) character file.

Game seed: 16152979867767691143

3231 croobank the Fighter (level 9, -5/74 HPs)
             Began as a Gnoll Abyssal Knight on Mar 25, 2023.
             Was an Elder of Lugonu.
             Slain by an orc warrior
             ... wielding a +0 short sword
              (7 damage)
             ... on level 8 of the Dungeon.
             The game lasted 00:27:34 (7397 turns).

croobank the Fighter (Gnoll Abyssal Knight)         Turns: 7397, Time: 00:27:34

Health: -5/74      AC: 18    Str: 22    XL:     9   Next: 98%
Magic:  7/16       EV: 18    Int: 15    God:    Lugonu [****..]
Gold:   67         SH:  0    Dex: 17    Spells: 7/17 levels left

rFire   . . .      SeeInvis .   x - +1 trident (vamp)
rCold   . . .      Faith    .   (no shield)
rNeg    . . .      Spirit   .   t - +7 ring mail of the Bulwark {Str+4 Dex+5}
rPois   .          Reflect  .   l - +2 hat
rElec   .          Harm     .   d - +0 cloak
rCorr   .          Rampage  .   u - +0 pair of gloves
Will    .....                   (no boots)
Stlth   ++........              (no amulet)
HPRegen 0.22/turn               B - +4 ring of evasion
MPRegen 0.15/turn               p - +6 ring of strength

@: no status effects
A: fangs 1, strong nose, distributed training
a: Renounce Religion, Depart the Abyss, Bend Space, Banish, Corrupt


You were on level 8 of the Dungeon.
You worshipped Lugonu.
Lugonu was greatly pleased with you.
You visited 1 branch of the dungeon, and saw 8 of its levels.
You visited the Abyss 1 time.

You collected 271 gold pieces.
You spent 204 gold pieces at shops.

Inventory:

Hand Weapons
 a - a +1 vampiric hand axe
 c - a +0 short sword
 k - a +1 dagger of speed
 r - a +1 vorpal flail
 w - a +0 morningstar
 x - a +1 vampiric trident (weapon)
 y - a +1 dagger of draining
 E - a +1 hammer of venom
 F - a +3 quarterstaff of chaos
 H - a +2 dagger of venom
Missiles
 f - 5 curare-tipped darts (quivered)
 z - 16 poisoned darts
 I - a throwing net
 K - 2 boomerangs
Armour
 b - a +0 leather armour
 d - a +0 cloak (worn)
 l - a +2 hat (worn)
 q - a +0 ring mail
 t - the +7 ring mail of the Bulwark (worn) {Str+4 Dex+5}
   (You found it on level 3 of the Dungeon)

   Str:       It affects your strength (+4).
   Dex:       It affects your dexterity (+5).
 u - a +0 pair of gloves (worn)
Magical Staves
 M - a staff of death
Jewellery
 p - a +6 ring of strength (right hand)
 B - a +4 ring of evasion (left hand)
 G - a ring of flight
Scrolls
 e - 2 scrolls of fog
 g - a scroll of acquirement
 i - 2 scrolls of brand weapon
 j - 2 scrolls of blinking
 m - 4 scrolls of teleportation
 n - a scroll of fear
 o - 2 scrolls of identify
 s - a scroll of torment {unknown}
 C - a scroll of enchant weapon
 L - a scroll of poison {unknown}
 N - a scroll of immolation
Potions
 h - 2 potions of attraction
 v - a potion of brilliance
 A - 2 potions of might
 J - a potion of flight


   Skills:
 + Level 8.3 Fighting
 + Level 4.9 Short Blades
 + Level 4.9 Long Blades
 + Level 6.8 Axes
 + Level 4.9 Maces & Flails
 + Level 4.9 Polearms
 + Level 4.9 Staves
 + Level 4.9 Ranged Weapons
 + Level 4.9 Throwing
 + Level 6.8 Armour
 + Level 5.6 Dodging
 + Level 4.9 Stealth
 + Level 4.9 Shields
 + Level 4.9 Unarmed Combat
 + Level 4.9 Spellcasting
 + Level 4.1 Conjurations
 + Level 4.1 Hexes
 + Level 4.1 Summonings
 + Level 4.1 Necromancy
 + Level 4.1 Translocations
 + Level 4.1 Transmutations
 + Level 4.1 Fire Magic
 + Level 4.1 Ice Magic
 + Level 4.1 Air Magic
 + Level 4.1 Earth Magic
 + Level 4.1 Poison Magic
 + Level 7.2 Invocations
 + Level 4.9 Evocations


You had 7 spell levels left.
You knew the following spells:

 Your Spells              Type           Power      Damage    Failure   Level
a - Poisonous Vapours     Pois/Air       32%        N/A       7%          2
b - Blink                 Tloc           32%        N/A       7%          2
c - Confusing Touch       Hex            16%        N/A       14%         3
d - Beastly Appendage     Tmut           32%        N/A       4%          1
e - Wereblood             Tmut           16%        N/A       7%          2

Your spell library contained the following spells:

 Spells                   Type           Power      Damage    Failure   Level
 Slow                     Hex            64%        N/A       4%          1
 Lesser Beckoning         Tloc           16%        N/A       14%         3
 Spider Form              Tmut/Pois      16%        N/A       14%         3
 Vampiric Draining        Necr           16%        2d7       14%         3
 Corpse Rot               Necr/Pois/Air  16%        N/A       41%         4
 Dispel Undead            Necr           16%        3d10      41%         4
 Manifold Assault         Tloc           16%        N/A       77%         5
 Death Channel            Necr           8%         N/A       100%        6


Dungeon Overview and Level Annotations

Branches:
Dungeon (8/15)             Temple (0/1) D:5
   Lair: D:8-11

Altars:
Cheibriados
Hepliaklqana
Nemelex Xobeh
Okawaru
Trog
Uskayaw
Yredelemnul

Shops:
D:4 ?   D:6 [

Annotations:
D:8 corrupted


Innate Abilities, Weirdness & Mutations

You have very sharp teeth.
Your uncanny sense of smell can sniff out nearby items.
Your experience applies equally to all skills.


Message History

Your Ice Magic skill increases to level 4!
Your Air Magic skill increases to level 4!
Your Earth Magic skill increases to level 4!
Your Poison Magic skill increases to level 4!
The centaur warrior looks more healthy.
The thrashing horror tramples the centaur warrior.
The centaur warrior holds its ground!
The thrashing horror closely misses the centaur warrior.
The centaur warrior hits the neqoxec but does no damage.
The centaur warrior kicks the neqoxec but does no damage.
The worldbinder hits the centaur warrior but does no damage.
The worldbinder hits the centaur warrior.
The neqoxec hits the centaur warrior but does no damage.
The centaur warrior is no longer moving slowly.
The worldbinder hits the centaur warrior but does no damage.
The worldbinder hits the centaur warrior.
The thrashing horror tramples the centaur warrior.
The centaur warrior holds its ground!
The thrashing horror barely misses the centaur warrior.
The centaur warrior hits the worldbinder.
The centaur warrior kicks the worldbinder but does no damage.
The neqoxec hits the centaur warrior.
Your horns disappear.
Your talons disappear.
Your +2 hat unmelds from your body.
The skeletal warrior disappears in a puff of smoke!
The freezing wraith disappears in a puff of smoke!
The thrashing horror tramples the centaur warrior!
The centaur warrior holds its ground!
The centaur warrior dies!
The orc priest mumbles some strange prayers to Beogh against you.
Beogh smites you!
* * * LOW HITPOINT WARNING * * *
The orc wizard barely misses the kobold demonologist.
The kobold demonologist mumbles some strange words.
The worldbinder barely misses you. The worldbinder closely misses you.
The orc wizard misses the kobold demonologist.
The orc priest looks encouraged for a moment.
The worldbinder calls forth creatures from the Crypt!
The orc warrior hits you with a +0 short sword!
You die...

....#########
..#.......).#### ###########
........###.... #.........#
###.###..####..###.#######.#
...g.##..##.>............<#
. .X.##..#.#.#.#.#######.#
#. #..#..#. #.##.# #.#
#.(####WX)t###..#.##### #.#
∆#D.(.∆##)3.#@........ #.#∆
#c..Hy..#xz.o..5.... #.#
∆#$###Xt.#......Ko.... #.#
#..2#...2.......... #.#
#..##.....x...)....
..3##.....#..oo..... ...#
#..#.#.......... #.##
....#.#.......... #.
#..##............


You could see an orc warrior, an orc priest, an orc wizard, an orc, a neutral
reaper (summoned, distracted), a neutral skeletal warrior (summoned,
distracted), a neutral worldbinder (summoned, distracted), a neutral kobold
demonologist (summoned, distracted), a neutral small abomination (summoned,
distracted) and a neutral ufetubus (summoned, distracted).

Vanquished Creatures
  Sigmund (D:5)
  Eustachio (D:6)
  A steam dragon (D:7)
  2 orc warriors
  A black bear (D:6)
  2 ice beasts
  3 centaurs
  4 kobold brigands
  Blork the orc (D:5)
  2 necrophages
  2 scorpions
  7 hounds
  Crazy Yiuf (D:5)
  An orc priest (D:5)
  2 jellies
  A gnoll bouda (D:6)
  4 iguanas
  A human skeleton (D:7)
  4 orc wizards (D:5)
  15 gnolls
  9 adders
  4 worms
  A dart slug (D:1)
  13 orcs
  9 ball pythons
  3 endoplasms
  2 giant cockroaches (D:2)
  5 goblins
  8 hobgoblins
  5 quokkas
  5 bats
  2 frilled lizards
  16 kobolds
  10 rats
148 creatures vanquished.

Vanquished Creatures (others)
  2 centaur warriors (D:8)
  A manticore (D:8)
  A troll (D:8)
  A hornet (D:8)
  A steam dragon (D:8)
  An ice beast (D:8)
  A kobold brigand (D:8)
  A bullfrog (D:8)
  A gnoll bouda (D:8)
  2 orcs
12 creatures vanquished.

Grand Total: 160 creatures vanquished

Notes
Turn   | Place    | Note
-------+----------+-------------------------------------------
     0 | Abyss:1  | croobank the Gnoll Abyssal Knight began the quest for the
                  | Orb.
     0 | Abyss:1  | Reached XP level 1. HP: 23/23 MP: 3/3
    84 | Abyss:1  | Noticed a small abomination
    96 | Abyss:1  | Noticed a quasit
   103 | D:1      | Escaped the Abyss
   380 | D:1      | Reached XP level 2. HP: 24/29 MP: 5/5
   906 | D:2      | Reached XP level 3. HP: 35/35 MP: 6/6
  1196 | D:2      | Learned a level 2 spell: Poisonous Vapours
  1395 | D:2      | Reached skill level 1 in Short Blades
  1395 | D:2      | Reached skill level 1 in Long Blades
  1395 | D:2      | Reached skill level 1 in Maces & Flails
  1395 | D:2      | Reached skill level 1 in Polearms
  1395 | D:2      | Reached skill level 1 in Staves
  1395 | D:2      | Reached skill level 1 in Ranged Weapons
  1395 | D:2      | Reached skill level 1 in Throwing
  1395 | D:2      | Reached skill level 1 in Stealth
  1395 | D:2      | Reached skill level 1 in Shields
  1395 | D:2      | Reached skill level 1 in Unarmed Combat
  1395 | D:2      | Reached skill level 1 in Spellcasting
  1395 | D:2      | Reached skill level 1 in Evocations
  1402 | D:2      | Reached XP level 4. HP: 26/41 MP: 7/7
  1406 | D:2      | Reached *** piety under Lugonu
  1539 | D:2      | Reached skill level 1 in Conjurations
  1539 | D:2      | Reached skill level 1 in Hexes
  1539 | D:2      | Reached skill level 1 in Summonings
  1539 | D:2      | Reached skill level 1 in Necromancy
  1539 | D:2      | Reached skill level 1 in Translocations
  1539 | D:2      | Reached skill level 1 in Transmutations
  1539 | D:2      | Reached skill level 1 in Fire Magic
  1539 | D:2      | Reached skill level 1 in Ice Magic
  1539 | D:2      | Reached skill level 1 in Air Magic
  1539 | D:2      | Reached skill level 1 in Earth Magic
  1539 | D:2      | Reached skill level 1 in Poison Magic
  2042 | D:2      | Identified a scroll of acquirement
  2430 | D:3      | Found a hide-covered altar of Uskayaw.
  2695 | D:3      | Found a faded altar of an unknown god.
  2920 | D:3      | Learned a level 2 spell: Blink
  3013 | D:2      | Reached XP level 5. HP: 15/47 MP: 8/8
  3265 | D:3      | Found a hazy altar of Hepliaklqana.
  3581 | D:3      | Identified the +7 ring mail of the Bulwark {Str+4 Dex+5}
  4023 | D:4      | Reached skill level 5 in Invocations
  4087 | D:4      | Found a bloodstained altar of Trog.
  4101 | D:4      | Noticed a kobold brigand
  4109 | D:4      | Killed a kobold brigand
  4110 | D:4      | Reached skill level 5 in Axes
  4110 | D:4      | Reached skill level 5 in Armour
  4110 | D:4      | Reached XP level 6. HP: 49/53 MP: 9/9
  4409 | D:4      | Found a sparkling altar of Nemelex Xobeh.
  4612 | D:4      | Found Gelaal's Magic Scroll Emporium.
  4615 | D:4      | Bought a scroll of enchant weapon for 90 gold pieces
  4615 | D:4      | Bought a scroll of summoning for 114 gold pieces
  4898 | D:5      | Entered Level 5 of the Dungeon
  4898 | D:5      | Noticed Sigmund
  4910 | D:5      | Killed Sigmund
  4911 | D:5      | Reached skill level 7 in Fighting
  4911 | D:5      | Reached XP level 7. HP: 47/60 MP: 9/11
  5008 | D:5      | Noticed Blork the orc
  5018 | D:5      | Killed Blork the orc
  5032 | D:5      | Found an iron altar of Okawaru.
  5041 | D:5      | Reached **** piety under Lugonu
  5200 | D:5      | Found a staircase to the Ecumenical Temple.
  5234 | D:5      | Reached XP level 8. HP: 61/67 MP: 12/12
  5244 | D:5      | Learned a level 3 spell: Confusing Touch
  5633 | D:5      | Found a runed translucent door.
  5634 | D:5      | Noticed Crazy Yiuf
  5653 | D:5      | Paralysed by you for 5 turns
  5663 | D:5      | Killed Crazy Yiuf
  5944 | D:6      | Found Teibywiff's Armour Emporium.
  6153 | D:6      | Found a snail-covered altar of Cheibriados.
  6282 | D:6      | Noticed Eustachio
  6319 | D:6      | Killed Eustachio
  6389 | D:6      | Reached XP level 9. HP: 59/73 MP: 14/14
  6390 | D:6      | Reached ***** piety under Lugonu
  6686 | D:7      | Reached skill level 5 in Dodging
  6775 | D:7      | Found a runed translucent door.
  6787 | D:7      | Found a basalt altar of Yredelemnul.
  6895 | D:7      | Reached skill level 8 in Fighting
  7157 | D:7      | Learned a level 1 spell: Beastly Appendage
  7160 | D:7      | Learned a level 2 spell: Wereblood
  7361 | D:8      | Noticed a manticore
  7366 | D:8      | Noticed a hornet
  7373 | D:8      | Noticed a centaur warrior
  7374 | D:8      | Paralysed by a hornet for 3 turns
  7377 | D:8      | Noticed a troll
  7378 | D:8      | Noticed a centaur warrior
  7385 | D:8      | Corrupted D:8
  7385 | D:8      | Noticed an apocalypse crab
  7385 | D:8      | Noticed a kobold demonologist
  7385 | D:8      | Noticed a reaper
  7385 | D:8      | Noticed a worldbinder
  7385 | D:8      | Noticed a large abomination
  7386 | D:8      | Noticed a thrashing horror
  7387 | D:8      | Noticed a skeletal warrior
  7387 | D:8      | Noticed a sixfirhy
  7387 | D:8      | Noticed a freezing wraith
  7388 | D:8      | Noticed a necromancer
  7388 | D:8      | Noticed a freezing wraith
  7388 | D:8      | Killed a hornet
  7389 | D:8      | Killed a manticore
  7392 | D:8      | Killed a troll
  7392 | D:8      | Killed a centaur warrior
  7394 | D:8      | Noticed a rust devil
  7395 | D:8      | Killed a centaur warrior
  7395 | D:8      | HP: 2/74 [orc priest/divine providence (15)]
  7397 | D:8      | Slain by an orc warrior

Illustrated notes

Levels and vault maps discovered:
D:1:      dpeg_arrival_windows_large_door, layout_basic
D:2:      minmay_diamond_boxcup, layout_loops_ring
D:3:      layout_loops_cross, mainiacjoe_overflow_alcove_4,
          nicolae_uskayaw_murder_on_the_dancefloor,
          shapermc_ecumenical_altar_starsandcircs, grunt_ministairs_14
D:4:      cheibrodos_thug_alley, layout_basic, grunt_temple_overflow_open,
          serial_shops, kennysheep_mini_moat
D:5:      layout_cave_pools, okawaru_trees_1, minmay_temple_entry_ruins,
          uniq_sigmund, uniq_blork_the_orc, uniq_crazy_yiuf_cottage
D:6:      layout_basic, mainiacjoe_overflow_six_doors_small, serial_shops, shop,
          uniq_eustachio
D:7:      layout_rooms, dk_yredelemnul_ordeal, minmay_misc_feat_x
D:8:      minmay_the_grid_octo_2x2 [minmay_the_grid_octo_focus,
          minmay_the_grid_octo_checkered, minmay_the_grid_octo_pinwheel,
          minmay_the_grid_octo_prize_star], layout_basic

Skill      XL: |  1  2  3  4  5  6  7  8  9 |
---------------+----------------------------+-----
Short Blades   | 1 2 3 4 |  4.9
Long Blades    | 1 2 3 4 |  4.9
Maces & Flails | 1 2 3 4 |  4.9
Polearms       | 1 2 3 4 |  4.9
Staves         | 1 2 3 4 |  4.9
Ranged Weapons | 1 2 3 4 |  4.9
Throwing       | 1 2 3 4 |  4.9
Stealth        | 1 2 3 4 |  4.9
Shields        | 1 2 3 4 |  4.9
Unarmed Combat | 1 2 3 4 |  4.9
Spellcasting   | 1 2 3 4 |  4.9
Evocations     | 1 2 3 4 |  4.9
Conjurations   | 1 2 3 4 |  4.1
Hexes          | 1 2 3 4 |  4.1
Summonings     | 1 2 3 4 |  4.1
Necromancy     | 1 2 3 4 |  4.1
Translocations | 1 2 3 4 |  4.1
Transmutations | 1 2 3 4 |  4.1
Fire Magic     | 1 2 3 4 |  4.1
Ice Magic      | 1 2 3 4 |  4.1
Air Magic      | 1 2 3 4 |  4.1
Earth Magic    | 1 2 3 4 |  4.1
Poison Magic   | 1 2 3 4 |  4.1
Dodging        | 3 4 5 |  5.6
Invocations    | 5 6 7 |  7.2
Axes           | 5 6 |  6.8
Armour         | 5 6 |  6.8
Fighting       | 7 8 |  8.3

Action                   |  1- 3 |  4- 6 |  7- 9 || total
-------------------------+-------+-------+-------++-------
Melee: Hand axe          |    47 |       |       ||    47
       Bite              |    10 |    27 |    50 ||    87
       Punch             |     3 |     1 |     8 ||    12
       Dagger            |    82 |   141 |       ||   223
       Trident           |       |    80 |   385 ||   465
       Kick              |       |       |     2 ||     2
       Headbutt          |       |       |     1 ||     1
Throw: Throwing net      |       |     2 |     1 ||     3
       Dart              |       |       |     1 ||     1
 Cast: Confusing Touch   |       |       |    16 ||    16
       Beastly Appendage |       |       |     1 ||     1
       Wereblood         |       |       |     1 ||     1
Invok: Depart the Abyss  |     1 |       |       ||     1
       Corrupt           |       |       |     1 ||     1
  Use: Scroll            |       |    13 |     1 ||    14
       Potion            |       |     3 |     3 ||     6
 Stab: Sleeping          |     1 |     1 |     2 ||     4
       Confused          |       |       |    13 ||    13
Armor: Leather armour    |    37 |    33 |       ||    70
       Ring mail         |       |    68 |   228 ||   296
Dodge: Dodged            |    69 |   141 |   480 ||   690
